 Dungeon Crawl Stone Soup version 0.31-a0-325-g067879e3d3 (webtiles) character file.

Game seed: 8771709967481511158

3150032 freelancePsychic the Middleweight Champion (level 27, 300/300 HPs)
             Began as a Minotaur Shapeshifter on July 14, 2023.
             Was the Champion of Wu Jian.
             Escaped with the Orb
             ... and 5 runes on July 18, 2023!
             The game lasted 02:29:06 (73067 turns).

freelancePsychic the Middleweight Champion (MiSh)  Turns: 73067, Time: 02:29:07

Health: 300/300    AC: 49    Str: 37      XL:     27
Magic:  27/27      EV: 21    Int:  4 (5)  God:    Wu Jian [******]
Gold:   8633       SH: 28    Dex: 14      Spells: 32/38 levels left

rFire   + +          .
                       - Unarmed
rCold   + + +        x - +6 tower shield
rNeg    + . .        e - +9 scales of the Dragon King {rPois rF+ rC+ Will+}
rPois   +            f - +2 hat {Stlth+}
rElec   +            q - +2 cloak {Will+}
rCorr   +            Q - +2 pair of gloves of Plasticity {Will+ rCorr Slay+2}
SInv    .            i - +2 pair of boots "Juleum" {Rampage rElec}
Will    +++++        c - amulet of Gimutt {Faith rN+ Regen+} Stlth
                     r - ring "Xuopnuiw" {rF+ rC++ Str+6}
HPRegen 1.50/turn    K - +5 ring of evasion
MPRegen 0.20/turn

%: rampage, faith
@: studying Ice Magic
A: horns 2, retaliatory headbutt, deterioration 2, low MP 1, robust 1
0: Orb of Zot
}: 5/15 runes: decaying, slimy, silver, abyssal, gossamer
a: Renounce Religion, Wall Jump, Serpent's Lash, Heavenly Storm


You escaped.
You worshipped Wu Jian.
Wu Jian was exalted by your worship.
You visited 11 branches of the dungeon, and saw 55 of its levels.
You visited the Abyss 1 time.
You visited 1 ziggurat, and saw 11 of its levels.
You also visited: Trove, Bailey, Gauntlet and Ice Cave.

You collected 10585 gold pieces.
You spent 1952 gold pieces at shops.

Inventory:

Hand Weapons
 a - a +0 short sword of distortion
Armour
 e - the +9 scales of the Dragon King (worn) {rPois rF+ rC+ Will+}
   (You found it on level 6 of a ziggurat)

   rF:        It protects you from fire.
   rC:        It protects you from cold.
   rPois:     It protects you from poison.
   Will:      It increases your willpower.
 f - a +2 hat of stealth (worn)
 i - the +2 pair of boots "Juleum" (worn) {Rampage rElec}
   (You found it on level 5 of the Pits of Slime)

   rElec:     It insulates you from electricity.
   Rampage:   It bestows one free step when moving towards enemies.
 q - a +2 cloak of willpower (worn)
 x - a +6 tower shield (worn)
 Q - the +2 pair of gloves of Plasticity (worn) {Will+ rCorr Slay+2}
   (You found it on level 5 of the Vaults)

   Slay:      It affects your accuracy & damage with ranged weapons and melee
   (+2).
   rCorr:     It protects you from acid and corrosion.
   Will:      It increases your willpower.
Jewellery
 c - the amulet of Gimutt (around neck) {Faith rN+ Regen+}
   (You found it in a treasure trove)

   [amulet of faith]

   It allows you to gain divine favour quickly.
   rN:        It protects you from negative energy.
   Regen:     It increases your rate of health regeneration.
 m - the ring of Safis {rCorr AC+4 Int+2 Slay+3}
   (You found it on level 8 of a ziggurat)

   [ring of protection]

   AC:        It affects your AC (+4).
   Int:       It affects your intelligence (+2).
   Slay:      It affects your accuracy & damage with ranged weapons and melee
   (+3).
   rCorr:     It protects you from acid and corrosion.
 p - the ring of Qazlal's Whim {AC+4 Str-4 Int+4 Slay+2 Stlth+}
   (You found it on level 5 of the Pits of Slime)

   [ring of protection]

   AC:        It affects your AC (+4).
   Str:       It affects your strength (-4).
   Int:       It affects your intelligence (+4).
   Slay:      It affects your accuracy & damage with ranged weapons and melee
   (+2).
   Stlth:     It makes you more stealthy.
 r - the ring "Xuopnuiw" (left hand) {rF+ rC++ Str+6}
   (You found it in a treasure trove)

   [ring of strength]

   Str:       It affects your strength (+6).
   rF:        It protects you from fire.
   rC:        It greatly protects you from cold.
 K - a +5 ring of evasion (right hand)
Talismans
 F - a storm talisman
Wands
 n - a wand of mindburst (100)
 u - a wand of flame (183)
 y - a wand of paralysis (102)
 D - a wand of quicksilver (31)
 G - a wand of iceblast (49)
 S - a wand of digging (12)
Scrolls
 g - a scroll of butterflies
 h - 9 scrolls of teleportation {@r4}
 j - 6 scrolls of fear
 k - 6 scrolls of enchant weapon
 o - 6 scrolls of brand weapon
 w - 12 scrolls of fog
 C - 13 scrolls of revelation
 J - 4 scrolls of poison
 L - 8 scrolls of amnesia
 N - 2 scrolls of immolation
 P - 9 scrolls of blinking
 T - 4 scrolls of silence
Potions
 b - 4 potions of mutation
 d - 14 potions of attraction
 l - 13 potions of brilliance
 s - 7 potions of resistance
 t - 5 potions of invisibility
 A - 33 potions of curing {@q1}
 I - 8 potions of ambrosia
 M - 4 potions of magic
 O - 6 potions of enlightenment
 R - 3 potions of haste {@q3}
 U - 2 potions of cancellation
 W - 8 potions of lignification
 X - 2 potions of might
 Y - 3 potions of berserk rage
 Z - 6 potions of heal wounds {@q2}
Miscellaneous
 v - a lightning rod (4/4)
 B - a sack of spiders
 E - a phantom mirror
 H - a tin of tremorstones (2/2)
 V - a phial of floods


   Skills:
 O Level 27 Fighting
 + Level 26.1 Armour
 - Level 20.0 Dodging
 - Level 0.4 Stealth
 * Level 20.9 Shields
 O Level 27 Unarmed Combat
 - Level 6.0 Spellcasting
 - Level 15.0 Translocations
 - Level 15.0 Evocations
 - Level 6.1 Shapeshifting


You had 32 spell levels left.
You knew the following spells:

 Your Spells              Type           Power      Damage    Failure   Level
a - Blink                 Tloc           26%        N/A       1%          2
b - Manifold Assault      Tloc           13%        N/A       3%          4

Your spell library contained the following spells:

 Spells                   Type           Power      Damage    Failure   Level
 Lesser Beckoning         Tloc           26%        N/A       1%          2
 Gell's Gravitas          Tloc           13%        N/A       1%          3
 Teleport Other           Tloc           13%        N/A       1%          3
 Passage of Golubria      Tloc           13%        N/A       3%          4
 Momentum Strike          Conj/Tloc      14%        3d8       12%         2
 Portal Projectile        Hex/Tloc       14%        N/A       24%         3
 Vhi's Electric Charge    Tloc/Air       14%        N/A       24%         3
 Volatile Blastmotes      Fire/Tloc      14%        2d11      24%         3
 Dispersal                Tloc           6%         N/A       50%         6
 Iskenderun's Mystic Bla  Conj/Tloc      7%         2d4       63%         4
 Foxfire                  Conj/Fire      4%         2x1d4     87%         1
 Kiss of Death            Conj/Necr      4%         2d5       87%         1
 Magic Dart               Conj           4%         1d3       87%         1
 Necrotise                Necr           4%         1d4       87%         1
 Shock                    Conj/Air       4%         1d3       87%         1
 Slow                     Hex            4%         N/A       87%         1
 Summon Small Mammal      Summ           4%         N/A       87%         1
 Summon Forest            Summ/Tloc      3%         N/A       92%         5
 Call Imp                 Summ           2%         N/A       95%         2
 Cigotuvi's Dreadful Rot  Necr/Pois/Air  2%         N/A       95%         2
 Ensorcelled Hibernation  Hex/Ice        2%         N/A       95%         2
 Passwall                 Tmut/Erth      0%         N/A       95%         2
 Poisonous Vapours        Pois/Air       2%         N/A       95%         2
 Scorch                   Fire           2%         2d5       95%         2
 Searing Ray              Conj           2%         2d4       95%         2
 Static Discharge         Conj/Air       2%         2-3/arc   95%         2
 Sublimation of Blood     Necr           1%         N/A       95%         2
 Wereblood                Tmut           1%         N/A       95%         2
 Call Canine Familiar     Summ           1%         N/A       99%         3
 Confusing Touch          Hex            1%         N/A       99%         3
 Dazzling Flash           Conj/Hex       2%         N/A       99%         3
 Frozen Ramparts          Ice            2%         1d1       99%         3
 Hailstorm                Conj/Ice       1%         3d3       99%         3
 Ignite Poison            Fire/Tmut/Pois 1%         N/A       99%         3
 Inner Flame              Hex/Fire       1%         N/A       99%         3
 Mephitic Cloud           Conj/Pois/Air  1%         N/A       99%         3
 Stone Arrow              Conj/Erth      2%         3d7       99%         3
 Summon Guardian Golem    Hex/Summ       1%         N/A       99%         3
 Tukima's Dance           Hex            1%         N/A       99%         3
 Vampiric Draining        Necr           1%         2d6       99%         3
 Airstrike                Air            0%         2d(1-17)  100%        4
 Anguish                  Hex/Necr       0%         N/A       100%        4
 Animate Armour           Summ/Erth      2%         N/A       100%        4
 Animate Dead             Necr           1%         N/A       100%        4
 Dispel Undead            Necr           1%         3d6       100%        4
 Flame Wave               Conj/Fire      1%         2d4       100%        4
 Fulminant Prism          Conj/Hex       0%         3d5       100%        4
 Leda's Liquefaction      Hex/Erth       0%         N/A       100%        4
 Olgreb's Toxic Radiance  Pois           1%         N/A       100%        4
 Petrify                  Tmut/Erth      1%         N/A       100%        4
 Sticky Flame             Conj/Fire      1%         2d3       100%        4
 Summon Ice Beast         Ice/Summ       1%         N/A       100%        4
 Summon Lightning Spire   Summ/Air       1%         N/A       100%        4
 Agony                    Necr           1%         N/A       100%        5
 Alistair's Intoxication  Tmut/Pois      0%         N/A       100%        5
 Arcjolt                  Conj/Air       0%         1d10      100%        5
 Borgnjor's Vile Clutch   Necr/Erth      0%         N/A       100%        5
 Freezing Cloud           Conj/Ice/Air   0%         6-21      100%        5
 Irradiate                Conj/Tmut      0%         3d11      100%        5
 Lee's Rapid Deconstruct  Erth           0%         3d4*      100%        5
 Metabolic Englaciation   Hex/Ice        0%         N/A       100%        5
 Silence                  Hex/Air        0%         N/A       100%        5
 Summon Mana Viper        Hex/Summ       1%         N/A       100%        5
 Yara's Violent Unravell  Hex/Tmut       0%         3d3       100%        5
 Eringya's Noxious Bog    Tmut/Pois      0%         4d6       100%        6
 Leda's Unmaking          Conj/Erth      0%         9d1       100%        6
 Plasma Beam              Fire/Air       0%         2x1d10    100%        6
 Starburst                Conj/Fire      0%         6d3       100%        6
 Summon Cactus Giant      Summ           0%         N/A       100%        6
 Enfeeble                 Hex            0%         N/A       100%        7
 Haunt                    Necr/Summ      0%         N/A       100%        7
 Malign Gateway           Summ/Tloc      3%         N/A       100%        7
 Monstrous Menagerie      Summ           0%         N/A       100%        7
 Summon Hydra             Summ           0%         N/A       100%        7
 Borgnjor's Revivificati  Necr           0%         N/A       100%        8
 Discord                  Hex            0%         N/A       100%        8
 Disjunction              Tloc           6%         N/A       100%        8
 Ignition                 Fire           0%         3d3       100%        8
 Infestation              Necr           0%         N/A       100%        8
 Lehudib's Crystal Spear  Conj/Erth      0%         10d2      100%        8
 Maxwell's Capacitive Co  Air            0%         ∞         100%        8
 Summon Horrible Things   Summ           0%         N/A       100%        8
 Chain Lightning          Conj/Air       0%         2d1       100%        9
 Death's Door             Necr           0%         N/A       100%        9
 Dragon's Call            Summ           0%         N/A       100%        9
 Fire Storm               Conj/Fire      0%         6d1       100%        9


Dungeon Overview and Level Annotations

Branches:
Dungeon (15/15)            Temple (0/1) D:4            Lair (5/5) D:10
  Swamp (4/4) Lair:3       Spider (4/4) Lair:2        Slime (5/5) Lair:4
    Orc (2/2) D:9             Elf (3/3) Orc:2        Vaults (5/5) D:14
  Crypt (3/3) Vaults:2       Tomb (0/3) Crypt:3      Depths (4/4) D:15
    Zot (5/5) Depths:4     Bailey (visited)           IceCv (visited)
Gauntlet (visited)

Altars:
Gozag
Hepliaklqana
Kikubaaqudgha
Nemelex Xobeh
Qazlal
Trog
Uskayaw
Wu Jian
Xom
Jiyva

Shops:
D:11 !   D:14 =   Orc:1 =![   Orc:2 **(*   Elf:1 (!(:   Vaults:1 (
Vaults:5 [:[:   Zot:3 *

Portals:
Hell: Depths:1 Depths:2 Depths:3 Depths:4
Abyss: Depths:2
Pandemonium: Depths:2

Annotations:
D:7 1 runed translucent door, Crazy Yiuf
D:8 5 runed translucent doors, coffeetime's ghost, novice MiBe
Elf:2 3 runed translucent doors
Depths:1 1 runed translucent door


Innate Abilities, Weirdness & Mutations

You have a pair of horns on your head.
You reflexively headbutt those who attack you in melee.
Your body often deteriorates upon taking damage.
Your magical capacity is low. (-10% MP)
You are robust. (+10% HP)


Message History

No target in view!
No target in view!
No target in view!
No target in view!
No target in view!
No target in view!
No target in view!
No target in view!
No target in view!
No target in view!
No target in view!
(D) Dungeon (T) Temple (L) Lair (S) Swamp (N) Spider Nest (M) Slime Pits (O) Orcish Mines (E) Elven Halls (V) Vaults (C) Crypt (W) Tomb (U) Depths (H) Hell (Z) Zot
Where to? (Enter - D:1 @ (x,y), ? - help)
Something hits you but does no damage.
Deactivating autopickup; reactivate with Ctrl-A.
Something hits you but does no damage. Something hits you but does no damage.
You pummel something like a punching bag!!!
You miss something. Something hits you but does no damage.
You barely miss something. Your headbutt misses something. You punch something!
The Council accepts your kill.
Reactivating autopickup.
You feel a bit more experienced.
(D) Dungeon (T) Temple (L) Lair (S) Swamp (N) Spider Nest (M) Slime Pits (O) Orcish Mines (E) Elven Halls (V) Vaults (C) Crypt (W) Tomb (U) Depths (H) Hell (Z) Zot
Where to? (Enter - D:1 @ (x,y), ? - help)
There is a stone staircase leading up here.
You climb upwards.
There is a stone staircase leading down here.
You open the door.
There is an open door here.
There is a dry fountain here.
There is a staircase leading out of the dungeon here.
You have escaped!

.........############.# #...
.........#### #.# #...
............#########.# #...
.........##...........# #...
.........##...##'##...# #...
.........##...#...#...# #...
.........##.###.⌠.###.# #(..
.........##.#.......#.# ####...
....^....##.#(⌠.@.⌠.#.# #..'...
.÷.......##.#.......#.#####.##...
###..######.###.⌠.###.##....##...
##...# #...#...#...#..#####...
####'####...##'##.....## #...
#....................## #...
#.....##.........>...# ####
#.....###########.#### #.....#
#.#############


There were no monsters in sight!

Vanquished Creatures
  the Royal Jelly (Slime:5)
  5 dread liches
  4 ancient liches
  Khufu (Crypt:3)
  4 orbs of fire
  2 juggernauts (Depths:3)
  The ghost of Sackuas the Slayer, a veteran OgBe of Trog (Zot:2)
  Sojobo (Vaults:2)
  Josephina (Depths:2)
  A royal mummy (Crypt:3)
  Vv (Depths:2)
  A pandemonium lord (Zig:5)
  9 Killer Klowns (Zot:5)
  3 curse toes
  A caustic shrike (Depths:3)
  Nikola (Spider:1)
  10 golden dragons
  the Enchantress (Depths:2)
  Jory (Vaults:5)
  5 electric golems
  2 bone dragons
  2 shard shrike zombies
  A Tzitzimitl (Zot:5)
  Arachne (Spider:4)
  An iron giant (Zig:3)
  15 tentacled monstrosities
  Rupert (D:15)
  Zenata (Crypt:3)
  2 Hell Sentinels (Zig:5)
  A walking earthen tome (Depths:1)
  2 Brimstone Fiends (Zig:10)
  A walking crystal tome (Depths:3)
  Mlioglotl (Swamp:3)
  Jorgrun (D:15)
  Asterion (Spider:1)
  6 titans
  26 Orb Guardians
  4 quicksilver dragons
  A deep elf master archer (Elf:3)
  4 liches
  4 searing wretches (Zig:10)
  A deep elf blademaster (Elf:3)
  A tentacled starspawn (Abyss:5)
  A walking divine tome (Depths:3)
  4 ancient champions
  21 acid blobs
  5 death cobs
  6 sphinxes
  14 shadow dragons
  3 thorn hunters
  Kirke (Swamp:3)
  5 tengu reavers
  3 revenants
  9 fire giants
  Aizul (Spider:4)
  The ghost of Bialiabluu the Warrior, an adept GrEE of Gozag (D:15)
  14 rockslimes
  2 nagarajas
  11 storm dragons
  A fenstrider witch (Swamp:4)
  The ghost of Pooter the Crack Shot, a journeyman MiBe of Trog (Lair:5)
  6 draconian monks
  4 draconian knights
  7 azure jellies
  5 emperor scorpions
  22 vault wardens
  6 frost giants
  10 draconian scorchers
  2 iron dragons
  9 deep elf sorcerers
  6 balrugs
  5 deep elf elementalists (Elf:3)
  10 draconian shifters
  18 ghost moths
  9 ghouls
  38 very ugly things
  3 curse skulls
  18 quicksilver oozes
  An orc warlord (Vaults:1)
  A demonspawn corrupter (Zig:5)
  13 draconian annihilators
  7 draconian stormcallers
  4 broodmothers
  19 stone giants
  9 spriggan defenders
  A reaper (Zig:7)
  23 ironbound preservers
  6 war gargoyles
  8 vampire knights
  7 deep elf demonologists
  7 ironbound thunderhulks
  18 black draconians
  3 eleionomae
  Nessos (D:15)
  A formless jellyfish (Vaults:3)
  3 starcursed masses (Abyss:5)
  10 dire elephants
  13 deep elf annihilators
  25 green draconians
  13 red draconians
  8 yellow draconians
  A lorocyproca (D:2)
  16 purple draconians
  23 white draconians
  2 bunyips (Swamp:1)
  4 spark wasps
  12 ettins
  A green death (Zot:4)
  A merfolk impaler (Zig:8)
  A blizzard demon (D:2)
  2 merfolk javelineers (Zig:8)
  11 deep elf death magi
  3 fire dragons
  2 eidola
  12 great orbs of eyes
  A shambling mangrove (Swamp:4)
  6 jiangshi
  8 entropy weavers
  42 vault guards
  5 deep elf high priests
  2 rakshasas (Depths:2)
  A merfolk avatar (Zig:8)
  2 salamander tyrants
  16 yaktaur captains
  2 spriggan skeletons
  2 peacekeepers
  A quicksilver dragon skeleton (Crypt:2)
  3 ghost crabs
  20 hydras
  7 ice dragons
  4 catoblepae
  7 spriggan air magi
  3 ogre magi
  7 boulder beetles
  9 ironbound frosthearts
  7 jorogumos
  A stoker (Zig:10)
  2 merfolk aquamancers (Zig:8)
  2 radroaches
  4 death knights
  A spectral sphinx (D:15)
  17 dancing weapons
  A spectral stone giant (D:15)
  9 alligators
  A spectral frost giant (D:15)
  A naga warrior (Zig:6)
  A two-headed ogre (shapeshifter) (Depths:4)
  17 death yaks
  11 centaur warriors
  4 deep troll earth magi
  A bennu skeleton (Crypt:2)
  6 demonic crawlers
  2 two-headed ogres
  6 orc high priests
  4 tengu warriors
  5 vampire magi
  A titan zombie (Crypt:3)
  5 spriggan berserkers
  4 thrashing horrors (Abyss:5)
  3 hell knights
  2 deep troll shamans
  Urug (Orc:1)
  A shadow wraith (Zig:7)
  2 sun demons (Depths:4)
  17 deep elf knights
  A soul eater (Crypt:2)
  A naga sharpshooter (Zig:2)
  2 shock serpents (Zig:6)
  2 titan skeletons (Crypt:3)
  3 iron trolls
  A wretched star (Abyss:5)
  2 fire crabs (shapeshifter)
  A salamander mystic (Depths:3)
  42 skeletal warriors
  A spectral spark wasp (D:15)
  50 deep trolls
  7 pharaoh ants
  A spatial maelstrom (Abyss:5)
  A skyshark (Lair:2)
  2 goliath frogs
  5 glowing orange brains
  5 spriggan druids
  A sun moth (Spider:4)
  20 orb spiders
  An obsidian statue (Zot:3)
  7 flayed ghosts
  A spectral iron dragon (D:15)
  6 bog bodies
  A goliath frog (shapeshifter) (Depths:3)
  10 swamp dragons
  13 deep elf archers
  2 large abominations
  9 wizards
  32 wolf spiders
  A sphinx zombie (Crypt:2)
  A bunyip skeleton (Crypt:1)
  11 steelbarb worms
  18 lindwurms
  15 orc knights
  Pikel (D:7)
  26 deep elf zephyrmancers
  22 ironbound convokers
  A harpy (Vaults:3)
  2 oklob plants
  A mana viper (Zig:1)
  5 necromancers
  5 phantasmal warriors
  26 deep elf pyromancers
  6 manticores
  48 ugly things
  3 shining eyes (shapeshifter) (Vaults:5)
  A shadow dragon skeleton (Crypt:1)
  7 salamanders
  5 cyclopes
  3 will-o-the-wisps
  A stone giant zombie (Crypt:3)
  2 fire giant zombies (D:15)
  2 orc sorcerers (Orc:2)
  A salamander (shapeshifter) (Vaults:5)
  3 shining eyes
  36 moths of wrath
  A worldbinder (Abyss:5)
  12 elephants
  A centaur zombie (Crypt:3)
  9 black mambas
  A guardian serpent (shapeshifter) (Elf:3)
  2 naga magi
  2 apocalypse crabs (Abyss:5)
  12 fire giant skeletons (Crypt:3)
  A molten gargoyle (Depths:3)
  7 cane toads
  A titan simulacrum (Depths:2)
  An orange demon (Abyss:5)
  22 vault sentinels
  An eye of devastation (Slime:5)
  5 gargoyles
  12 torpor snails
  An ice statue (IceCv)
  A rust devil (Depths:2)
  A merfolk siren (Zig:8)
  2 dire elephant skeletons
  Psyche (D:12)
  2 unseen horrors
  Maggie (D:10)
  19 freezing wraiths
  2 kobold demonologists
  6 komodo dragons
  A centaur skeleton (Crypt:3)
  14 rime drakes
  A hellion (Depths:2)
  A swamp worm zombie (Crypt:1)
  A pale draconian zombie (Crypt:1)
  An efreet (D:14)
  34 yaktaurs
  13 ice devils
  5 tengu conjurers
  An anaconda simulacrum (IceCv)
  2 harpy zombies
  A red draconian skeleton (Crypt:2)
  A white draconian skeleton (Crypt:1)
  An alligator snapping turtle skeleton (Crypt:3)
  3 merfolk (Zig:8)
  A golden dragon simulacrum (Depths:2)
  9 polar bears
  3 ancient zymes (Abyss:5)
  A death drake zombie (Crypt:2)
  A red devil (Depths:2)
  14 trolls
  A bloated husk (Swamp:3)
  11 meliai
  16 blink frogs
  8 hornets
  2 hellwings
  A polar bear (shapeshifter) (D:14)
  2 snapping turtles (Zig:8)
  12 tyrant leeches
  An ettin zombie (Crypt:3)
  33 tarantellas
  A snapping turtle (shapeshifter) (Vaults:5)
  A harpy skeleton (Crypt:1)
  A jumping spider zombie (Crypt:1)
  A dream sheep (Lair:5)
  2 frost giant simulacra (Depths:2)
  3 flying skulls (Gauntlet)
  63 slime creatures
  2 spriggan zombies
  12 water elementals
  2 black mamba zombies (Crypt:3)
  28 culicivoras
  2 culicivoras (shapeshifter)
  4 fire dragon skeletons (Crypt:3)
  24 jumping spiders
  3 air elementals
  4 shadows
  3 centaur simulacra
  A yak (shapeshifter) (Elf:3)
  6 vampires
  9 spriggans
  A wyvern (shapeshifter) (Vaults:5)
  11 wraiths
  2 ynoxinuls
  48 yaks
  3 wyverns
  A neqoxec (Zig:5)
  16 humans
  A hog (Swamp:3)
  2 chaos spawn
  7 steam dragons
  5 fire elementals
  68 redbacks
  A basilisk (D:15)
  6 death yak simulacra (IceCv)
  A redback (shapeshifter) (Vaults:4)
  Menkaure (D:7)
  2 vampire mosquitoes (Swamp:1)
  A merfolk zombie (Crypt:2)
  A naga (Zig:6)
  3 wargs
  16 swamp worms
  3 harpy simulacra (IceCv)
  13 water moccasins
  A naga zombie (Crypt:3)
  Duvessa (D:4)
  An acid dragon (D:7)
  4 hell hounds (Zot:2)
  A naga skeleton (Crypt:3)
  8 swamp drakes
  3 ice beasts
  46 orc warriors
  Pargi (D:3)
  2 sky beasts
  An ice beast (shapeshifter) (Vaults:5)
  13 wolves
  10 ogres
  3 boggarts (Vaults:1)
  14 centaurs
  A yaktaur zombie (Crypt:1)
  A lemure (D:7)
  2 phantoms (D:5)
  4 kobold brigands
  13 bullfrogs
  A cyclops zombie (Crypt:1)
  3 gnoll sergeants
  2 earth elementals
  2 cane toad simulacra (IceCv)
  14 wights
  Dowan (D:4)
  15 killer bees
  4 elephant simulacra (IceCv)
  4 electric eels
  36 orc priests
  5 hounds
  2 jellies
  2 gnoll boudas
  A black bear zombie (Crypt:1)
  4 sleepcaps
  2 iguanas
  26 orc wizards
  2 polar bear simulacra (IceCv)
  2 hell rats (Lair:4)
  2 spriggan simulacra
  2 troll simulacra (IceCv)
  5 wolf simulacra (IceCv)
  3 human simulacra
  2 mummies (Crypt:3)
  28 gnolls
  9 adders
  A naga simulacrum (IceCv)
  12 river rats
  2 shadow imps
  5 white imps
  3 ufetubi
  2 dart slugs
  114 orcs
  6 ball pythons
  7 bats
  6 endoplasms
  A giant cockroach (D:3)
  7 goblins
  10 hobgoblins
  4 jackals (D:1)
  3 quokkas
  4 frilled lizards
  A gnoll zombie (Crypt:2)
  24 kobolds
  An orc skeleton (Crypt:2)
  7 rats
  A butterfly (Lair:3)
  7 fire vortices
  A lurking horror (Abyss:5)
  3 starspawn tentacles (Abyss:5)
2725 creatures vanquished.

Vanquished Creatures (collateral kills)
  A frost giant (Depths:2)
  An ironbound preserver (Vaults:3)
  A deep elf demonologist (Elf:3)
  A minotaur (Gauntlet)
  A death yak (Lair:2)
  Amaemon (D:10)
  An elephant (Lair:5)
  An ugly thing (D:14)
  An orange demon (D:10)
  2 blink frogs (Lair:5)
  3 killer bees (Lair:2)
  A polar bear simulacrum (IceCv)
15 creatures vanquished.

Vanquished Creatures (others)
  A ghoul (Swamp:1)
  A yellow draconian (Zig:9)
  A sixfirhy (Abyss:5)
  A deep elf pyromancer (Elf:1)
  A large abomination (Zot:1)
  3 bloated husks (Swamp:1)
  A spriggan (Swamp:4)
  2 yaks (D:9)
  A human (Swamp:3)
  A necrophage (Swamp:1)
  A white imp (D:10)
  14 foxfires
  A starspawn tentacle (Abyss:5)
29 creatures vanquished.

Grand Total: 2769 creatures vanquished

Notes
Turn   | Place    | Note
-------+----------+-------------------------------------------
     0 | D:1      | freelancePsychic the Minotaur Shapeshifter began the quest
                  | for the Orb.
     0 | D:1      | Reached XP level 1. HP: 18/18 MP: 0/0
    34 | D:1      | Found a faded altar of an unknown god.
    39 | D:1      | Prayed at the altar of an unknown god.
    39 | D:1      | Became a worshipper of the Wu Jian Council
    39 | D:1      | Reached * piety under Wu Jian
   164 | D:1      | Reached XP level 2. HP: 21/25 MP: 1/1
   589 | D:1      | Reached skill level 1 in Armour
   593 | D:1      | Reached ** piety under Wu Jian
   601 | D:1      | Reached XP level 3. HP: 31/31 MP: 2/2
  1499 | D:3      | Found a shimmering altar of Xom.
  1620 | D:3      | Reached XP level 4. HP: 33/38 MP: 3/3
  2002 | D:3      | Found a hazy altar of Hepliaklqana.
  2148 | D:3      | Noticed Pargi
  2162 | D:3      | Killed Pargi
  2163 | D:3      | Reached XP level 5. HP: 46/46 MP: 4/4
  2617 | D:4      | Noticed Duvessa
  2617 | D:4      | Noticed Dowan
  2635 | D:5      | Entered Level 5 of the Dungeon
  2642 | D:5      | Reached *** piety under Wu Jian
  2642 | D:5      | Noticed a phantom
  2649 | D:5      | Killed a phantom
  2650 | D:5      | Reached skill level 5 in Unarmed Combat
  2650 | D:5      | Reached XP level 6. HP: 45/53 MP: 5/5
  2672 | D:5      | Noticed an ice beast
  2696 | D:5      | Killed an ice beast
  2707 | D:5      | Reached skill level 5 in Fighting
  2707 | D:5      | Reached XP level 7. HP: 37/61 MP: 6/6
  2868 | D:5      | Reached skill level 1 in Evocations
  2996 | D:5      | Found a stormy altar of Qazlal.
  3111 | D:5      | Found a bloodstained altar of Trog.
  3230 | D:5      | Noticed a steam dragon
  3477 | D:4      | Killed Duvessa
  3483 | D:4      | Killed Dowan
  3542 | D:4      | Reached XP level 8. HP: 69/69 MP: 7/7
  3582 | D:4      | Found a staircase to the Ecumenical Temple.
  4419 | D:6      | Reached skill level 5 in Armour
  4433 | D:6      | Reached **** piety under Wu Jian
  4519 | D:6      | Reached skill level 5 in Dodging
  4599 | D:6      | Found a sparkling altar of Nemelex Xobeh.
  5473 | D:7      | Reached XP level 9. HP: 72/78 MP: 8/8
  5734 | D:7      | Noticed Pikel
  5748 | D:7      | Killed Pikel
  6429 | D:7      | Found a runed translucent door.
  6430 | D:7      | Noticed Crazy Yiuf
  6516 | D:7      | Noticed Menkaure
  6518 | D:7      | Killed Menkaure
  6889 | D:8      | Reached ***** piety under Wu Jian
  6890 | D:8      | Reached skill level 10 in Unarmed Combat
  6949 | D:8      | Reached XP level 10. HP: 76/88 MP: 9/9
  7015 | D:8      | Found a flagged portal.
  7142 | Bailey   | Entered a bailey
  7175 | Bailey   | Noticed an orc knight
  7561 | Bailey   | Killed an orc knight
  7562 | Bailey   | Reached skill level 5 in Evocations
  7766 | D:8      | Found a runed translucent door.
  8047 | D:8      | Found a runed translucent door.
  8120 | D:8      | Identified the +10 plate armour "Eteddiol" {rN++}
  8121 | D:8      | Found a runed translucent gate.
  8121 | D:8      | Noticed coffeetime's ghost (novice MiBe)
  8122 | D:8      | Found a runed translucent gate.
  8123 | D:8      | Found a runed translucent gate.
  8305 | D:8      | Noticed a centaur warrior
  9662 | D:9      | Found a staircase to the Orcish Mines.
  9666 | D:9      | Reached XP level 11. HP: 97/97 MP: 10/10
 10034 | D:10     | Entered Level 10 of the Dungeon
 10076 | D:10     | Reached skill level 10 in Fighting
 10276 | D:10     | Noticed Amaemon
 10328 | D:10     | Killed Amaemon
 10329 | D:10     | Reached skill level 10 in Armour
 10539 | D:10     | Noticed an oklob plant
 10541 | D:10     | Found a staircase to the Lair.
 10912 | D:10     | Noticed Maggie
 10924 | D:10     | Killed Maggie
 11020 | D:10     | Killed an oklob plant
 11040 | Lair:1   | Entered Level 1 of the Lair of Beasts
 11053 | Lair:1   | Reached ****** piety under Wu Jian
 11242 | Lair:1   | Reached skill level 1 in Shields
 11860 | Lair:1   | Noticed an oklob plant
 11873 | Lair:1   | Killed an oklob plant
 12261 | Lair:2   | Noticed a death yak
 12261 | Lair:2   | Noticed a death yak
 12261 | Lair:2   | Noticed a death yak
 12261 | Lair:2   | Noticed a death yak
 12261 | Lair:2   | Noticed a death yak
 12356 | Lair:2   | Reached XP level 12. HP: 102/113 MP: 11/11
 12434 | Lair:2   | Noticed a catoblepas
 12452 | Lair:2   | Killed a catoblepas
 12569 | Lair:2   | Reached skill level 5 in Shields
 12741 | Lair:2   | Killed a death yak
 12745 | Lair:2   | Killed a death yak
 12751 | Lair:2   | Killed a death yak
 12754 | Lair:2   | Killed a death yak
 12758 | Lair:2   | Killed a death yak
 12846 | Lair:2   | Noticed a death yak
 12857 | Lair:2   | Killed a death yak
 12871 | Lair:2   | Found a hole to the Spider Nest.
 12980 | Lair:2   | You fall into a shaft and drop 2 floors!
 12980 | Lair:4   | Found a staircase to the Slime Pits.
 13927 | Lair:4   | Reached XP level 13. HP: 113/125 MP: 12/12
 14933 | Lair:3   | Found a staircase to the Swamp.
 15691 | Lair:2   | Reached skill level 15 in Fighting
 16392 | Lair:5   | Entered Level 5 of the Lair of Beasts
 16432 | Lair:4   | Reached skill level 10 in Shields
 16812 | Lair:5   | Reached skill level 15 in Unarmed Combat
 17249 | Lair:5   | Reached XP level 14. HP: 137/137 MP: 13/13
 18202 | Lair:5   | Found a transporter.
 18206 | Lair:5   | Noticed Pooter's ghost (journeyman MiBe)
 18476 | Lair:5   | Found a transporter.
 18878 | Lair:5   | Killed Pooter's ghost
 19554 | D:11     | Found Pige's Distillery.
 19578 | D:11     | Bought a potion of lignification for 36 gold pieces
 19578 | D:11     | Bought a potion of might for 48 gold pieces
 19578 | D:11     | Bought a potion of berserk rage for 60 gold pieces
 19578 | D:11     | Bought a potion of curing for 36 gold pieces
 19578 | D:11     | Bought a potion of curing for 36 gold pieces
 19578 | D:11     | Bought a potion of might for 48 gold pieces
 20059 | D:12     | Found a frozen archway.
 20087 | IceCv    | Entered an ice cave
 20610 | IceCv    | Found an ancient bone altar of Kikubaaqudgha.
 21689 | D:12     | Reached XP level 15. HP: 119/148 MP: 14/14
 22365 | D:12     | Noticed Psyche
 22369 | D:12     | Killed Psyche
 22650 | Orc:1    | Entered Level 1 of the Orcish Mines
 22678 | Orc:1    | Found Nomuoss's Jewellery Boutique.
 22709 | Orc:1    | Found Niocepui's Distillery.
 22738 | Orc:1    | Noticed Urug
 22751 | Orc:1    | Killed Urug
 22880 | Orc:1    | Bought 2 potions of invisibility for 224 gold pieces
 22880 | Orc:1    | Bought a potion of might for 56 gold pieces
 22880 | Orc:1    | Bought a potion of heal wounds for 70 gold pieces
 22880 | Orc:1    | Bought a potion of heal wounds for 70 gold pieces
 22880 | Orc:1    | Bought a potion of heal wounds for 70 gold pieces
 22880 | Orc:1    | Bought a potion of haste for 140 gold pieces
 22906 | Orc:1    | Found Gead's Antique Armour Shoppe.
 23068 | Orc:2    | Entered Level 2 of the Orcish Mines
 23068 | Orc:2    | Found a staircase to the Elven Halls.
 23068 | Orc:2    | Found a gate leading to a gauntlet.
 23072 | Orc:2    | Reached XP level 16. HP: 157/157 MP: 15/15
 23100 | Gauntlet | Entered a Gauntlet
 23100 | Gauntlet | Found a transporter.
 23100 | Gauntlet | Found a transporter.
 23100 | Gauntlet | Found a transporter.
 23112 | Gauntlet | Found a transporter.
 23124 | Gauntlet | Found a transporter.
 23125 | Gauntlet | Found a transporter.
 23131 | Gauntlet | Found a transporter.
 23148 | Gauntlet | Found a transporter.
 23168 | Gauntlet | Found a transporter.
 23193 | Gauntlet | Found a transporter.
 23253 | Gauntlet | Found a transporter.
 23265 | Gauntlet | Found a transporter.
 23504 | Gauntlet | Identified the +1 robe of Fashionability {rPois Int+3}
 23505 | Gauntlet | Got Feates's Octavo of Enchantment
 23779 | Orc:2    | Reached skill level 10 in Evocations
 23815 | Orc:2    | Found Ivuido's General Store.
 23815 | Orc:2    | Found Mesk's Assorted Antiques.
 23816 | Orc:2    | Found Ukhy's Weapon Boutique.
 23816 | Orc:2    | Found Piloh's General Store.
 24021 | Orc:2    | Bought a scroll of enchant armour for 97 gold pieces
 24022 | Orc:2    | Bought a scroll labelled ALAPNIMASU for 35 gold pieces
 24022 | Orc:2    | Bought a scroll of teleportation for 105 gold pieces
 24656 | D:13     | Found a bloodstained altar of Trog.
 25131 | D:13     | Got the Atlas of the Geological Coals
 25303 | D:14     | Noticed Rupert
 25303 | D:14     | Found a gate to the Vaults.
 26296 | D:14     | Found Fivyneefo's Jewellery Boutique.
 26689 | D:15     | Entered Level 15 of the Dungeon
 26689 | D:15     | Noticed Jorgrun
 26722 | D:15     | Noticed Nessos
 26730 | D:15     | Killed Nessos
 26739 | D:15     | Reached XP level 17. HP: 152/168 MP: 16/16
 26769 | D:15     | Killed Jorgrun
 27233 | D:15     | Identified the +1 chain mail of Ceky {rElec rF+ Dex+5}
 27288 | D:15     | Killed Rupert
 27296 | D:15     | Found a runed translucent gate.
 27296 | D:15     | Found a runed translucent gate.
 27296 | D:15     | Found a runed translucent gate.
 27309 | D:15     | Reached skill level 15 in Armour
 27611 | D:15     | Noticed Bialiabluu's ghost (adept GrEE)
 28074 | D:15     | Killed Bialiabluu's ghost
 28202 | D:15     | Found a staircase to the Depths.
 28570 | Swamp:1  | Entered Level 1 of the Swamp
 31349 | Swamp:3  | Noticed Kirke
 31351 | Swamp:3  | Noticed Mlioglotl
 31361 | Swamp:3  | Killed Kirke
 31372 | Swamp:3  | Killed Mlioglotl
 31806 | Spider:1 | Entered Level 1 of the Spider Nest
 32313 | Spider:1 | Reached XP level 18. HP: 178/178 MP: 17/17
 32647 | Spider:1 | Noticed Nikola
 32666 | Spider:1 | Killed Nikola
 33032 | Spider:1 | Noticed Asterion
 33045 | Spider:1 | Killed Asterion
 34873 | Spider:3 | Reached skill level 10 in Dodging
 35992 | Spider:3 | Identified the +4 chain mail "Caupsoump" {rN+}
 36898 | Spider:4 | Entered Level 4 of the Spider Nest
 37092 | Spider:4 | Noticed Aizul
 37096 | Spider:4 | Noticed Arachne
 37099 | Spider:4 | Killed Aizul
 37104 | Spider:4 | Killed Arachne
 37108 | Spider:4 | Reached XP level 19. HP: 152/185 MP: 6/18
 37303 | Spider:4 | Got a gossamer rune of Zot
 38505 | Swamp:4  | Entered Level 4 of the Swamp
 39347 | Swamp:4  | Got a decaying rune of Zot
 39450 | Swamp:4  | Got the Almanac of Transformation and Topomancy
 39702 | D:10     | Upgraded the game from 0.31-a0-271-gb88eb75e06 to
                  | 0.31-a0-321-g19405a7a6a
 40150 | Vaults:1 | Entered Level 1 of the Vaults
 41011 | Vaults:1 | Found Tyuwur's Antique Weapon Shoppe.
 41676 | Vaults:1 | Reached XP level 20. HP: 177/193 MP: 19/19
 41754 | Vaults:1 | Found a portal to a secret trove of treasure.
 42138 | Elf:1    | Entered Level 1 of the Elven Halls
 42177 | Elf:1    | Paralysed by an air elemental for 1 turns
 43331 | Elf:1    | Found Opsybb's Book Emporium.
 43370 | Elf:1    | Found Ume Gips's Weapon Shop.
 43372 | Elf:1    | Found Hielot's Distillery.
 43376 | Elf:1    | Found Kiarphuy's Antique Weapon Shop.
 43381 | Elf:1    | Bought a potion of enlightenment for 90 gold pieces
 43381 | Elf:1    | Bought a potion of enlightenment for 90 gold pieces
 43381 | Elf:1    | Bought a potion of attraction for 54 gold pieces
 43381 | Elf:1    | Bought a potion of attraction for 54 gold pieces
 43764 | Elf:1    | Got the Information on Destruction and Calling
 44025 | Elf:2    | Found a runed translucent gate.
 44049 | Elf:2    | Found a runed translucent gate.
 44049 | Elf:2    | Found a runed translucent gate.
 44577 | Elf:3    | Entered Level 3 of the Elven Halls
 45304 | Elf:3    | Paralysed by an air elemental for 1 turns
 45585 | Elf:3    | Identified the +5 scimitar of Rotation {flame, rF+ Str+3}
 45589 | Elf:3    | Identified the +8 spear of Absolution {heavy, Fly Dex+2}
 45616 | Elf:3    | Identified the +10 short sword of Qykil {freeze, Str+5
                  | Int+2 Dex+2 Stlth-}
 45620 | Elf:3    | Reached XP level 21. HP: 62/201 MP: 20/20
 45961 | Elf:3    | Identified the staff of Circularity {rElec rC+ Will+ Str+2
                  | Ice}
 45964 | Elf:3    | Got the Verses on Astrapomancy
 45976 | Elf:3    | Got Sif Muna's Handbook of Congelation and Breath
 46179 | Elf:3    | Found an ancient bone altar of Kikubaaqudgha.
 48699 | Vaults:2 | Found a staircase to the Crypt.
 48780 | Vaults:2 | Noticed Sojobo
 48801 | Vaults:2 | Killed Sojobo
 50307 | Vaults:3 | Reached XP level 22. HP: 141/209 MP: 21/21
 51587 | Vaults:4 | Identified the +4 arbalest of the Equator {elec, rN+ Will+
                  | SInv}
 51979 | Vaults:4 | Reached skill level 27 in Unarmed Combat
 52290 | Crypt:1  | Entered Level 1 of the Crypt
 53040 | Crypt:1  | Identified the +2 leather armour "Laegh" {Rampage Int+4}
 53331 | Crypt:2  | Reached skill level 15 in Evocations
 54050 | Crypt:3  | Entered Level 3 of the Crypt
 54206 | Crypt:3  | Noticed a royal mummy
 54207 | Crypt:3  | Noticed Khufu
 54221 | Crypt:3  | Killed a royal mummy
 54230 | Crypt:3  | Killed Khufu
 54803 | Crypt:3  | Reached XP level 23. HP: 217/217 MP: 22/22
 54810 | Crypt:3  | Identified the +8 scimitar "Ziasiys" {flame, rElec rC+ rN+
                  | Str+4}
 55254 | Crypt:3  | Identified the +6 falchion of Magnificence {speed, rF+
                  | Str+6}
 55351 | Crypt:3  | Noticed Zenata
 55367 | Crypt:3  | Killed Zenata
 55697 | Crypt:3  | Found a staircase to the Tomb.
 55710 | Crypt:3  | Reached skill level 15 in Dodging
 55773 | Crypt:3  | Noticed a dread lich
 55778 | Crypt:3  | Killed a dread lich
 55920 | Crypt:3  | Noticed an ancient lich
 55932 | Crypt:3  | Killed an ancient lich
 56528 | Vaults:1 | You paid a toll of a +5 demon whip to enter a treasure
                  | trove
 56529 | Trove    | Entered a treasure trove
 56533 | Trove    | Identified the amulet of Gimutt {Faith rN+ Regen+}
 56535 | Trove    | Identified the ring "Xuopnuiw" {rF+ rC++ Str+6}
 56543 | Trove    | Identified the amulet of the Scarab {Reflect rC+ SH+5}
 56544 | Trove    | Identified the ring of Ixaxus {*Slow rN+++ MP+9 SInv
                  | Stlth+}
 56548 | Trove    | Identified the amulet of Govoph {Spirit Rampage rC+}
 56550 | Trove    | Identified the ring "Nyuqacef" {Contam *Slow rPois rN+++
                  | Str+6}
 56667 | Depths:1 | Entered Level 1 of the Depths
 56957 | Depths:1 | Found a runed translucent door.
 57065 | Depths:1 | Identified the +1 ring mail of the First Brambles {+Inv}
 57070 | Depths:1 | Identified the ring "Yzxis" {+Blink MP+9 Str+5}
 57311 | Depths:1 | Found a gateway to Hell.
 57511 | Depths:2 | Found a one-way gate to the infinite horrors of the Abyss.
 57745 | Depths:2 | Noticed Vv
 57755 | Depths:2 | Killed Vv
 57777 | Depths:2 | Noticed the Enchantress
 57784 | Depths:2 | Killed the Enchantress
 57977 | Depths:2 | Reached skill level 15 in Shields
 57998 | Depths:2 | Identified the ring "Pirph" {Ice rPois Int+4}
 57998 | Depths:2 | Noticed Josephina
 58006 | Depths:2 | Killed Josephina
 58613 | Depths:2 | Found a one-way gate leading to the halls of Pandemonium.
 59009 | Depths:3 | Found a hide-covered altar of Uskayaw.
 59390 | Depths:3 | Reached XP level 24. HP: 232/232 MP: 22/22
 59441 | Depths:3 | Noticed a juggernaut
 59602 | Depths:3 | Noticed a juggernaut
 59613 | Depths:3 | Killed a juggernaut
 59629 | Depths:3 | Killed a juggernaut
 59763 | Depths:4 | Entered Level 4 of the Depths
 59782 | Depths:4 | Found a gate to the Realm of Zot.
 60131 | Depths:4 | Found a one-way gateway to a ziggurat.
 61028 | Slime:1  | Entered Level 1 of the Pits of Slime
 61112 | Slime:2  | Gained mutation: You are weak. (Str -2) [a shining eye]
 61417 | Slime:5  | Entered Level 5 of the Pits of Slime
 61464 | Slime:5  | Noticed the Royal Jelly
 61467 | Slime:5  | Found a viscous altar of Jiyva.
 61467 | Slime:5  | Found the +3 giant club "Skullcrusher" {speed, Str+7}
 61806 | Slime:5  | Killed the Royal Jelly
 62239 | Slime:5  | Identified the +4 sling of Neratsyi {drain, Dex+3}
 62243 | Slime:5  | Identified the +10 shortbow "Jieqel" {antimagic, Fly rElec
                  | Int+4}
 62254 | Slime:5  | Identified the ring of Qazlal's Whim {AC+4 Str-4 Int+4
                  | Slay+2 Stlth+}
 62291 | Slime:5  | Identified the +2 pair of boots "Juleum" {Rampage rElec}
 62314 | Slime:5  | Got a slimy rune of Zot
 62315 | Slime:5  | Identified the +7 spear "Widowmaker" {spect, Will+ Str+3}
 62317 | Slime:5  | Identified the +2 ring mail "Zicaguc" {rElec Will++}
 62328 | Slime:5  | Got the Volume of Icy Reformation
 62366 | Slime:5  | Found the necklace of Bloodlust {Fury *Rage Will++ Int-3
                  | Slay+6}
 62369 | Slime:5  | Identified a scroll of acquirement
 62387 | Slime:5  | Identified the +7 spear of Efecs {venom, Stlth+}
 62391 | Slime:5  | Acquired a manual of Translocations
 62404 | Slime:5  | Identified the amulet "Urphihur" {Acrobat -Tele rElec rCorr
                  | SInv}
 62693 | Slime:5  | Gained mutation: Your body sometimes deteriorates upon
                  | taking damage. [a shining eye]
 62896 | Slime:5  | Lost mutation: You are weak. (Str -2) [potion of mutation]
 62896 | Slime:5  | Lost mutation: Your body sometimes deteriorates upon taking
                  | damage. [potion of mutation]
 62896 | Slime:5  | Gained mutation: Your spells are a little easier to cast,
                  | but a little less powerful. [potion of mutation]
 62897 | Slime:5  | Upgraded the game from 0.31-a0-321-g19405a7a6a to
                  | 0.31-a0-325-g067879e3d3
 63271 | Vaults:5 | Entered Level 5 of the Vaults
 63272 | Vaults:5 | Noticed Jory
 63338 | Vaults:5 | Reached XP level 25. HP: 247/247 MP: 22/22
 63362 | Vaults:5 | Killed Jory
 63387 | Vaults:5 | Reached skill level 1 in Translocations
 63523 | Vaults:5 | Noticed a dread lich
 63529 | Vaults:5 | Killed a dread lich
 63628 | Vaults:5 | Reached skill level 5 in Translocations
 63657 | Vaults:5 | Gained mutation: Your magical capacity is low. (-10% MP) [a
                  | shining eye]
 63692 | Vaults:5 | Learned a level 2 spell: Blink
 63697 | Vaults:5 | Learned a level 4 spell: Manifold Assault
 63959 | Vaults:5 | Noticed a dread lich
 63964 | Vaults:5 | Killed a dread lich
 63977 | Vaults:5 | Found Uqaaghig's Antique Armour Shop.
 63997 | Vaults:5 | Reached skill level 5 in Shapeshifting
 64032 | Vaults:5 | Found Koucrap's Book Boutique.
 64036 | Vaults:5 | Got a silver rune of Zot
 64075 | Vaults:5 | Found Masunn's Antique Armour Boutique.
 64083 | Vaults:5 | Found Jiwk's Book Emporium.
 64350 | Vaults:5 | Identified the +12 sling of the Endless Persimmons {heavy,
                  | Int+2}
 64422 | Vaults:5 | Gained mutation: You sometimes lose your temper in combat.
                  | [a shining eye]
 64429 | Vaults:5 | Lost mutation: You sometimes lose your temper in combat.
                  | [potion of mutation]
 64429 | Vaults:5 | Lost mutation: Your spells are a little easier to cast, but
                  | a little less powerful. [potion of mutation]
 64429 | Vaults:5 | Gained mutation: You have sharp fingernails. [potion of
                  | mutation]
 64429 | Vaults:5 | Gained mutation: You are strong-willed. (Will+) [potion of
                  | mutation]
 64466 | Vaults:5 | Identified the +2 pair of gloves of Plasticity {Will+ rCorr
                  | Slay+2}
 65333 | Abyss:5  | Cast into level 5 of the Abyss (unwielding a weapon of
                  | distortion)
 65458 | Abyss:5  | Got an abyssal rune of Zot
 65679 | Depths:2 | Escaped the Abyss
 65768 | Zig:1    | Entered Level 1 of a ziggurat
 65784 | Zig:2    | Entered Level 2 of a ziggurat
 65800 | Zig:3    | Entered Level 3 of a ziggurat
 65816 | Zig:4    | Entered Level 4 of a ziggurat
 65865 | Zig:4    | Identified the +4 sling "Isiuwk" {drain, Dex+5}
 65867 | Zig:4    | Got the Codex of Discontinuous Terra Firma
 65877 | Zig:5    | Entered Level 5 of a ziggurat
 65878 | Zig:5    | Noticed Zaibbuf the pandemonium lord
 65881 | Zig:5    | Killed Zaibbuf the pandemonium lord
 65894 | Zig:5    | Identified the -2 buckler of Hyuhad {rF+ Dex+2}
 65903 | Zig:6    | Entered Level 6 of a ziggurat
 65905 | Zig:6    | Found the +9 scales of the Dragon King {rPois rF+ rC+
                  | Will+}
 65906 | Zig:6    | Found the +10 morningstar "Eos" {elec, Halo rElec}
 65958 | Zig:6    | Identified the +3 mace of Termination {vamp, rF+ SInv}
 65969 | Zig:7    | Entered Level 7 of a ziggurat
 65979 | Zig:7    | Reached XP level 26. HP: 264/264 MP: 19/19
 66026 | Zig:7    | Reached XP level 27. HP: 271/271 MP: 19/19
 66035 | Zig:8    | Entered Level 8 of a ziggurat
 66068 | Zig:8    | Identified the ring of Safis {rCorr AC+4 Int+2 Slay+3}
 66100 | Zig:9    | Entered Level 9 of a ziggurat
 66242 | Zig:10   | Entered Level 10 of a ziggurat
 66259 | Zig:10   | Reached skill level 27 in Fighting
 66268 | Zig:10   | Reached skill level 10 in Translocations
 66416 | Zig:10   | Identified the +3 scale mail "Peadghid" {Will+ rCorr Str-3}
 66418 | Zig:10   | Identified the +5 shortbow of the Bright God {drain, rF+
                  | rN+ SInv}
 66455 | Zig:11   | Entered Level 11 of a ziggurat
 66575 | Zig:11   | Found the amulet of the Air {Inacc Air Fly rElec RMsl}
 66645 | Zot:1    | Entered Level 1 of the Realm of Zot
 67267 | Zot:1    | Reached skill level 1 in Spellcasting
 68624 | Zot:3    | Noticed Sackuas's ghost (veteran OgBe)
 68624 | Zot:3    | Found a runed translucent gate.
 68624 | Zot:3    | Found a runed translucent gate.
 68624 | Zot:3    | Found a runed translucent gate.
 68624 | Zot:3    | Found an opulent altar of Gozag.
 68624 | Zot:3    | Found Reni's Assorted Antiques.
 68684 | Zot:2    | Killed Sackuas's ghost
 68748 | Zot:3    | Bought a potion of haste for 410 gold pieces
 68748 | Zot:3    | Bought a scroll of teleportation for 123 gold pieces
 68786 | Zot:3    | Noticed an orb of fire
 68798 | Zot:3    | Killed an orb of fire
 69064 | Zot:3    | Reached skill level 5 in Spellcasting
 69228 | Zot:3    | Noticed an orb of fire
 69232 | Zot:3    | Gained mutation: You sometimes lose your temper in combat.
                  | [an orb of fire]
 69236 | Zot:3    | Killed an orb of fire
 70077 | Zot:4    | Lost mutation: You are strong-willed. (Will+) [potion of
                  | mutation]
 70077 | Zot:4    | Lost mutation: You sometimes lose your temper in combat.
                  | [potion of mutation]
 70077 | Zot:4    | Gained mutation: Your body sometimes deteriorates upon
                  | taking damage. [potion of mutation]
 70077 | Zot:4    | Gained mutation: You expend magic power (3 MP) to
                  | strengthen your wands. [potion of mutation]
 70077 | Zot:4    | Gained mutation: You have large cloven feet. [potion of
                  | mutation]
 70085 | Zot:4    | Reached skill level 15 in Translocations
 71464 | Zot:5    | Entered Level 5 of the Realm of Zot
 71998 | Zot:5    | Noticed an ancient lich
 71998 | Zot:5    | Noticed an ancient lich
 71999 | Zot:5    | Noticed an orb of fire
 72008 | Zot:5    | Killed an ancient lich
 72009 | Zot:5    | Noticed a dread lich
 72012 | Zot:5    | Killed an ancient lich
 72014 | Zot:5    | Gained mutation: You have hidden genetic defects. [an orb
                  | of fire]
 72018 | Zot:5    | Gained mutation: You occasionally lose the ability to drink
                  | potions when taking damage. [an orb of fire]
 72019 | Zot:5    | Gained mutation: You are dopey. (Int -2) [an orb of fire]
 72020 | Zot:5    | Killed an orb of fire
 72024 | Zot:5    | Killed a dread lich
 72032 | Zot:5    | Noticed an ancient lich
 72044 | Zot:5    | Killed an ancient lich
 72068 | Zot:5    | Noticed an orb of fire
 72072 | Zot:5    | Killed an orb of fire
 72092 | Zot:5    | Gained mutation: Your body often deteriorates upon taking
                  | damage. [hidden defects]
 72094 | Zot:5    | Lost mutation: You are dopey. (Int -2) [potion of mutation]
 72094 | Zot:5    | Lost mutation: You have large cloven feet. [potion of
                  | mutation]
 72094 | Zot:5    | Lost mutation: You have sharp fingernails. [potion of
                  | mutation]
 72094 | Zot:5    | Gained mutation: You passively map a small area around you.
                  | [potion of mutation]
 72106 | Zot:5    | Noticed a dread lich
 72117 | Zot:5    | Killed a dread lich
 72173 | Zot:5    | Gained mutation: You are frail. (-10% HP) [hidden defects]
 72173 | Zot:5    | Lost mutation: You have hidden genetic defects. [hidden
                  | defects expressed]
 72454 | Zot:5    | Lost mutation: You expend magic power (3 MP) to strengthen
                  | your wands. [potion of mutation]
 72454 | Zot:5    | Lost mutation: You passively map a small area around you.
                  | [potion of mutation]
 72454 | Zot:5    | Lost mutation: You are frail. (-10% HP) [potion of
                  | mutation]
 72454 | Zot:5    | Gained mutation: You are robust. (+10% HP) [potion of
                  | mutation]
 72454 | Zot:5    | Lost mutation: You occasionally lose the ability to drink
                  | potions when taking damage. [potion of mutation]
 72491 | Zot:5    | Got the Orb of Zot
 72639 | Zot:1    | Noticed Busuist the pandemonium lord
 72775 | D:13     | Noticed a seraph
 72780 | D:13     | Noticed Ymieset the pandemonium lord
 72804 | D:12     | Noticed Tealli the pandemonium lord
 73067 | D:$      | Escaped with the Orb!

Illustrated notes

Levels and vault maps discovered:
D:1:      dpeg_arrival_simpleton_c, layout_basic,
          chequers_ecumenical_altar_lobes
D:2:      layout_basic
D:3:      layout_loops_corners, nzn_hepliaklqana_mist_gate,
          mainiacjoe_overflow_paths, amcnicky_mini_corridor_feature,
          minmay_statues_item, st_stairs_10, uniq_pargi
D:4:      layout_rooms, minmay_temple_entry_overgrown, minmay_crystal_room,
          uniq_duvessa
D:5:      wad_woods_tower, layout_basic, kennysheep_mini_moat,
          mainiacjoe_overflow_alcove_1, minmay_misc_feat_room,
          chequers_serial_rivers_micro_d, chequers_serial_rivers_room_a
D:6:      kennysheep_spiral_hall, layout_basic, nemelex_spade_bored_becter
D:7:      layout_cave_pools, centaur_isle, uniq_pikel, uniq_menkaure,
          uniq_crazy_yiuf_cottage
D:8:      cheibrodos_histonic, layout_loops_ring, biasface_ghost_orc_armoury,
          enter_bailey_2
D:9:      layout_stronghold, erik_orc_2, bh_circular_ruins
D:10:     layout_long_grid, dpeg_oklobed_lair, serial_ice, serial_ice_d,
          serial_ice_a, serial_ice_e, serial_ice_k, minivault_24, uniq_maggie,
          uniq_amaemon
D:11:     lemuel_ogre_cave, layout_rooms, serial_shops, nicolae_stop_n_shop_2
D:12:     layout_gridville, portal_ice_cave_demonic_guard, uniq_psyche
D:13:     minmay_sliced_demisemicircle, layout_rooms, trog_ov_bears_minmay
D:14:     layout_irregular_city, david_vaults_3, serial_glass, glass_columns_b,
          glass_columns_b, item_on_display_a, due_unseen_surprise, serial_shops,
          nicolae_shop_waterfront, minmay_holes
D:15:     hangedman_depths_entry_try_elsewhere_first, layout_cave_pools,
          gammafunk_ghost_necromancy, nicolae_water_bricks, grunt_decor_clamped,
          nicolae_doodle_vault, uniq_jorgrun, uniq_nessos
Lair:1:   layout_regular_city, minmay_lair_oklob_items, st_stairs_13,
          infiniplex_staircase_pool
Lair:2:   layout_roguey, hellmonk_spider_entry_not_the_bees, grunt_megastairs_3,
          serial_bayou_shore_b, serial_bayou_shore_b, lemuel_fruit_tree,
          serial_bayou_shore_b
Lair:3:   layout_regular_city, minmay_swamp_entry_worms, lemuel_fruit_fields,
          serial_bayou_shore_b, serial_bayou_shore_b
Lair:4:   hellmonk_destroyed_diamonds, layout_hall_layers, slime_entry_1,
          kennysheep_rathole, uniq_rupert
Lair:5:   evilmike_catoblepas_cave, layout_regular_city, nzn_ghost_randoct,
          bobbens_dragon_lair_wall
Swamp:1:  layout_basic_swamp, serial_swamp_ruin, evilmike_swamp_ruin_house_5,
          evilmike_swamp_ruin_rubble_2, evilmike_swamp_ruin_house_2
Swamp:2:  layout_falls_marsh, nicolae_swamp_oxbows
Swamp:3:  layout_basic_swamp, evilmike_swamp_ruin_house_4,
          nicolae_swamp_orc_logging_accident, uniq_mlioglotl, uniq_kirke
Swamp:4:  swamp_alternative, layout_basic_swamp, swamp_pool4
Spider:1: layout_chambers, uniq_asterion, uniq_nikola
Spider:2: nicolae_spider_obnoxious_hallway, nicolae_spider_webbed_stairs
Spider:3: nicolae_spider_brood_tunnel
Spider:4: johnstein_spider_rune_arachne_lair, uniq_aizul
Slime:1:  layout_caves
Slime:2:  nicolae_slime_pool, layout_caves, basic_altar,
          nicolae_slime_rock_hall_of_fame
Slime:3:  layout_caves, cheibrodos_slime_lost_civilization_5
Slime:4:  cheibrodos_slime_lost_civilization_1, layout_caves
Slime:5:  slime_pit_nicolae_trefoil
Orc:1:    layout_diamond_mine, serial_shops, shop_fountains,
          nicolae_diamond_shop, shop, uniq_urug
Orc:2:    st_orc_pillars, layout_caves, gauntlet_entry_generic, basic_altar
Elf:1:    eino_elf_arrival_customs, layout_geoelf_diagonals, serial_shops, shop,
          minmay_elf_sorcery, due_unseen_surprise, minmay_shop_star
Elf:2:    nicolae_elf_blades_splatter_lattice [nicolae_blade_tridents],
          layout_geoelf_octagon
Elf:3:    minmay_elf_hall_x, layout_loops_cross, basic_altar
Vaults:1: nicolae_vaults_apartment_1, grunt_vaults_focal,
          nicolae_vaults_security_offices_3, nicolae_vaults_yaktaur_gun_rack,
          v_misc_17, vaults_room_door_hall, v_misc_11, v_misc_5,
          layout_vaults_omnicross, enter_trove_5, serial_shops, shop
Vaults:2: nicolae_vaults_security_offices_4, minmay_crypt_entry_nasty_monster,
          nicolae_vaults_mini_display_case, vaults_dpeg_encased_lava,
          vaults_dpeg_doors, nicolae_vaults_little_squares_3, vaults_mumra_lcd,
          v_misc_13, vaults_room_ringed_pool,
          nicolae_vaults_doubleplus_tesselated,
          nicolae_vaults_network_periphery, v_rooms_5, grunt_vaults_diagonal,
          v_pattern_3, nicolae_vaults_stepped_doors,
          ontoclasm_vaults_decontamination, layout_vaults_maze, uniq_sojobo
Vaults:3: nicolae_vaults_ninety_degrees, v_misc_9, v_misc_33,
          vaults_room_fancy_cross, nicolae_vaults_triangles,
          nicolae_vaults_shelves_hall, nicolae_vaults_wine_cellar,
          layout_vaults_omnigrid
Vaults:4: v_pattern_1, v_rooms_2, nicolae_vaults_storage_closets_3, v_misc_31,
          nicolae_vaults_alarming, nicolae_vaults_branching_niches,
          vaults_dpeg_spiral, vaults_room_corners,
          nicolae_vaults_offset_grid_hallway_3, vaults_room_stairs_pillars,
          nicolae_vaults_house_1, nicolae_vaults_tetromino_L_2,
          layout_vaults_omnibox
Vaults:5: uniq_jory
Crypt:1:  layout_basic
Crypt:2:  layout_rooms, serial_sigils_hangedman_stare, columned_hall_lemuel,
          minmay_misc_feat_hallway
Crypt:3:  quadcrypt_mu, uniq_zenata, uniq_khufu
Depths:1: cross_vault, layout_cave_pools, grunt_hell_entry_dis_grunt,
          nicolae_kite_square_tiling_tiny, kennysheep_treasure_room
Depths:2: minmay_quantized_circle, layout_basic, abyss_entry, hell_entry,
          minmay_misc_feat_alley, rand_demon_pan_entry_7, uniq_josephina,
          uniq_enchantress, uniq_vv
Depths:3: kennysheep_four_of_diamonds, layout_gridville, hell_entry,
          abyss_entry_glasseish, rand_demon_pan_entry_1, special_room
          [special_room_mythical_zoo], minmay_misc_feat_doors,
          grunt_ministairs_7, hangedman_abyss_or_decor_slice,
          eat_drink_and_be_merry_uskayaw
Depths:4: grunt_crosshair, layout_honeycomb, enter_ziggurat_c, lightli_too_deep,
          grunt_decor_cap
Zot:1:    minmay_elemental_castle, layout_cathedral_of_symmetry, st_stairs_5
Zot:2:    grunt_twist_and_shout, layout_onion, hangedman_zot_decor_tridents
Zot:3:    layout_twisted_circle, ebering_ghost_gozag, st_stairs_13
Zot:4:    layout_gridlike, hangedman_zot_spectrum
Zot:5:    layout_gridlike

Skill      XL: |  1  2  3  4  5  6  7  8  9 10 11 12 13 14 15 16 17 18 19 20 21 22 23 24 25 26 27 |
---------------+----------------------------------------------------------------------------------+-----
Fighting       | 3 4 5 6 8 9 12 14 16 17 18 19 20 22 24 26 27 | 27.0
Unarmed Combat | 3 4 5 6 8 10 12 14 15 16 17 18 20 22 23 24 26 27 | 27.0
Armour         | 1 2 3 4 5 7 9 11 12 14 16 18 21 22 26 | 26.1
Dodging        | 4 5 7 12 14 17 19 20 | 20.0
Evocations     | 1 2 4 5 6 9 10 12 15 | 15.0
Shields        | 3 8 10 11 15 20 | 20.9
Translocations | 8 9 15 | 15.0
Shapeshifting  | 6 |  6.1
Spellcasting   | 6 |  6.0
Stealth        | |  0.4

Action                     |  1- 3 |  4- 6 |  7- 9 | 10-12 | 13-15 | 16-18 | 19-21 | 22-24 | 25-27 || total
---------------------------+-------+-------+-------+-------+-------+-------+-------+-------+-------++-------
  Melee: Unarmed           |    86 |    86 |   322 |   721 |   910 |  1707 |  1594 |  1993 |  1845 ||  9264
         Headbutt          |    17 |    11 |    55 |   161 |   241 |   405 |   425 |   674 |   553 ||  2542
         Punch             |     2 |     5 |    15 |    28 |       |       |       |       |       ||    50
   Cast: Manifold Assault  |       |       |       |       |       |       |       |       |    33 ||    33
 Invoke: Serpent's Lash    |       |       |     4 |     2 |     6 |    15 |    10 |    11 |    13 ||    61
         Heavenly Storm    |       |       |       |       |     1 |     3 |     2 |     5 |     2 ||    13
Ability: Lunge             |    18 |    13 |    26 |    65 |    46 |    98 |   117 |   119 |     3 ||   505
         Whirlwind         |       |       |    57 |    75 |   124 |   284 |   211 |   239 |   408 ||  1398
         Begin Untransform |       |       |     1 |       |       |       |       |       |       ||     1
         Wall Jump         |       |       |       |       |       |       |     1 |       |       ||     1
  Evoke: Wand              |       |       |     5 |     6 |     7 |    21 |     1 |     6 |     3 ||    49
         Tin of tremorston |       |       |       |       |     2 |     6 |     4 |     2 |     5 ||    19
         Phantom mirror    |       |       |       |       |       |     2 |     2 |     1 |       ||     5
         Phial of floods   |       |       |       |       |       |     1 |     2 |     1 |     1 ||     5
         Lightning rod     |       |       |       |       |       |       |     4 |     3 |     4 ||    11
    Use: Scroll            |     4 |     2 |     9 |     7 |     8 |    15 |     4 |     8 |    10 ||    67
         Potion            |       |     2 |     4 |     3 |     2 |     6 |     3 |    10 |    15 ||    45
   Stab: Held in net/web   |       |       |       |       |     1 |     1 |     1 |     2 |       ||     5
         Fleeing           |       |       |       |       |       |     1 |       |       |       ||     1
         Distracted        |       |       |       |       |       |     1 |       |     2 |       ||     3
         Invisible         |       |       |       |       |       |     5 |       |       |     5 ||    10
         Confused          |       |       |       |       |       |       |     3 |       |       ||     3
         Sleeping          |       |       |       |       |       |       |       |       |     3 ||     3
 Armour: Animal skin       |     5 |       |       |       |       |       |       |       |       ||     5
         Chain mail        |    25 |    29 |   163 |    38 |       |       |   169 |   298 |    24 ||   746
         Skin              |       |    17 |       |       |       |       |       |       |       ||    17
         Plate armour      |       |       |       |   330 |   498 |   691 |   271 |       |       ||  1790
         Shadow dragon sca |       |       |       |       |       |       |       |       |    78 ||    78
         Gold dragon scale |       |       |       |       |       |       |       |       |   400 ||   400
  Dodge: Dodged            |    28 |    23 |   146 |   211 |   235 |   731 |   753 |   685 |   744 ||  3556
  Block: Kite shield       |       |       |       |    98 |   365 |   668 |   586 |   660 |   555 ||  2932
         Tower shield      |       |       |       |       |       |       |       |       |   120 ||   120
         Form:             |       |       |       |       |       |     2 |       |       |     1 ||     3
         Dragon            |       |       |       |       |       |     1 |       |       |       ||     1
         Maw               |       |       |       |       |       |     1 |       |       |       ||     1
         Blade             |       |       |       |       |       |       |       |       |     1 ||     1

Table legend: (Time is in decaauts)
 A = Elapsed time spent in this place.
 B = Non-inter-level travel time spent in this place.
 C = Inter-level travel time spent in this place.
 D = Time resting spent in this place.
 E = Time spent auto-exploring this place.
 F = Levels seen in this place.
 G = Mean time per level.
                   A        B        C        D        E       F      G
               +--------+--------+--------+--------+--------+-----+--------+
         Total |  71321 |  64097 |   7224 |   2504 |  49132 |  71 | 1004.5 |
       Dungeon |  18403 |  15319 |   3084 |    686 |  11711 |  15 | 1226.9 |
          Lair |   9196 |   8053 |   1143 |    231 |   6600 |   5 | 1839.2 |
         Swamp |   4213 |   4003 |    210 |    202 |   3154 |   4 | 1053.2 |
   Spider Nest |   6458 |   6283 |    175 |    358 |   4836 |   4 | 1614.5 |
    Slime Pits |   1866 |   1733 |    133 |    510 |    798 |   5 |  373.2 |
  Orcish Mines |   1307 |   1170 |    137 |      0 |    924 |   2 |  653.5 |
   Elven Halls |   3694 |   3450 |    244 |     21 |   2849 |   3 | 1231.3 |
        Vaults |   9028 |   7940 |   1088 |     39 |   6328 |   5 | 1805.6 |
         Crypt |   3902 |   3813 |     89 |    304 |   2765 |   3 | 1300.7 |
        Depths |   4291 |   3791 |    500 |      0 |   3035 |   4 | 1072.8 |
           Zot |   5388 |   4971 |    417 |    126 |   3794 |   5 | 1077.6 |
         Abyss |    315 |    315 |      0 |     27 |    159 |   1 |  315.0 |
      Ziggurat |    802 |    802 |      0 |      0 |    414 |  11 |   72.9 |
         Trove |     37 |     37 |      0 |      0 |      0 |   1 |   37.0 |
        Bailey |    589 |    589 |      0 |      0 |    428 |   1 |  589.0 |
      Ice Cave |   1390 |   1390 |      0 |      0 |   1080 |   1 | 1390.0 |
      Gauntlet |    434 |    434 |      0 |      0 |    252 |   1 |  434.0 |
               +--------+--------+--------+--------+--------+-----+--------+

Top non-repeatable levels by time:
Vaults:1: 2793 daAuts
  Lair:5: 2544 daAuts
     D:9: 2036 daAuts
Spider:3: 1985 daAuts
 Crypt:3: 1890 daAuts
  Lair:4: 1794 daAuts
  Lair:3: 1789 daAuts
Vaults:2: 1759 daAuts
Spider:1: 1728 daAuts
    D:14: 1702 daAuts
Vaults:3: 1676 daAuts
   Elf:3: 1661 daAuts
    D:12: 1631 daAuts
  Lair:2: 1586 daAuts
    D:15: 1540 daAuts
